 Dungeon Sprint DCSS version 0.17-a0-1804-gf6433eb (webtiles) character file.

2454 nuthulu the Warrior (level 9, -12/72 HPs)
             Began as a Gargoyle Fighter on Sept 11, 2015.
             Was a Priest of Okawaru.
             Mangled by a deep troll (16 damage)
             ... in the Dungeon (Sprint I: "Red Sonja").
             The game lasted 00:03:18 (1552 turns).

nuthulu the Warrior (Gargoyle Fighter)              Turns: 1552, Time: 00:03:18

Health: -12/72     AC: 13    Str: 20    XL:     9   Next: 50%
Magic:  9/9        EV: 10    Int:  9    God:    Okawaru [***...]
Gold:   429        SH: 11    Dex: 12    Spells: 0 memorised, 8 levels left

rFire  . . .     SeeInvis .     a - +0 flail
rCold  . . .     Clarity  .     b - +0 scale mail
rNeg   + . .     SustAt   .     c - +0 shield
rPois  ∞         Gourm    .     (no helmet)
rElec  +         Spirit   .     (no cloak)
rCorr  .         Warding  .     (no gloves)
rMut   .         NoTele   +     (no boots)
MR     .....                    (no amulet)
Stlth  +.........               (no ring)
                                (no ring)

@: heroism, not resistant to hostile enchantments, very unstealthy
A: negative energy resistance 1, electricity resistance, unbreathing,
petrification resistance, rot immunity, AC +5
a: Heroism, Renounce Religion


You were in the Dungeon.
You worshipped Okawaru.
Okawaru was most pleased with you.
You were not hungry.

You visited 1 branch You collected 429 gold pieces.

Inventory:

Hand weapons
 a - a +0 flail (weapon)
 e - a +0 blowgun
Missiles
 g - 4 curare-tipped needles
Armour
 b - a +0 scale mail (worn)
 c - a +0 shield (worn)
Magical devices
 d - a wand of enslavement (10)
 l - a wand of fireball (3)
Scrolls
 k - a scroll of blinking
Potions
 i - 2 potions of magic


   Skills:
 + Level 15.8(20.8) Fighting
 + Level 14.6(19.6) Maces & Flails
 - Level 3.2(8.2) Armour
 - Level 3.2(8.2) Shields


You had 8 spell levels left.
You didn't know any spells.

Dungeon Overview and Level Annotations

Branches:
Dungeon (1/1)

Altars:
Cheibriados
Dithmenos
Elyvilon
Fedhas
Gozag
Kikubaaqudgha
Makhleb
Nemelex Xobeh
Okawaru
Qazlal
Ru
Sif Muna
Trog
Vehumet
Xom
Yredelemnul
Zin
The Shining One
Jiyva

Shops:
D =


Innate Abilities, Weirdness & Mutations

You are resistant to torment.
Your stone body is resilient (AC +5).
You are immune to poison.
You resist negative energy.
You are resistant to electric shocks.
You can survive without breathing.
You are immune to petrification.
You are immune to rotting.


Message History

The deep troll bites you.
* * * LOW HITPOINT WARNING * * *
The deep troll misses you.
The deep troll claws you but does no damage.
There is an open door here.
a - a +0 flail (weapon)
You see here an arrow.
Which direction?
You can't close doors on yourself!
The deep troll closely misses you.
The deep troll claws you but does no damage.
The deep troll claws you.
* * * LOW HITPOINT WARNING * * *
There is an open door here.
You hit the deep troll.
The deep troll is heavily wounded.
Your shield prevents you from hitting the deep troll.
The deep troll is heavily wounded.
The deep troll bites you!
You die...

###################
#<.#..)..#..'..#__#
#..').#..').#(('..+
#..#####'#####@#__####
#..####..#...#T####§§#
#..#__####..##(#§§§§.#
#..#_..__##'#..'§§§..+
#⌠⌠#_.∩...'..._#§§§..#
####_..._##_.#'##'####
#_____###'#(#(([.#
#########.####+###
.......+...'$$.$$+


You could see a deep troll.

Vanquished Creatures
  2 centaur warriors (D)
  Sonja (D)
  A slime creature (D)
  Sigmund (D)
  A yak (D)
  An ogre (D)
  A jelly (D)
  Ijyb (D)
9 creatures vanquished.

Notes
Turn   | Place    | Note
--------------------------------------------------------------
     0 | D        | nuthulu the Gargoyle Fighter began the quest for the Orb.
     0 | D        | Reached XP level 1. HP: 14/14 MP: 1/1
     2 | D        | Noticed Ijyb
    16 | D        | Killed Ijyb
    16 | D        | Reached skill level 5 in Fighting
    16 | D        | Reached XP level 2. HP: 15/21 MP: 2/2
    16 | D        | Reached XP level 3. HP: 18/26 MP: 3/3
   186 | D        | Noticed an ogre
   192 | D        | Killed an ogre
   192 | D        | Reached skill level 7 in Fighting
   192 | D        | Reached XP level 4. HP: 9/35 MP: 4/4
   429 | D        | Noticed Sigmund
   445 | D        | Killed Sigmund
   445 | D        | Reached skill level 10 in Fighting
   445 | D        | Reached XP level 5. HP: 23/42 MP: 5/5
   445 | D        | Reached XP level 6. HP: 26/48 MP: 6/6
   591 | D        | Found a deep blue altar of Sif Muna.
   592 | D        | Noticed a jelly
   593 | D        | Found a radiant altar of Vehumet.
   596 | D        | Killed a jelly
   642 | D        | Found Fiynkukk's Jewellery Emporium.
   642 | D        | Found a white marble altar of Elyvilon.
   642 | D        | Found a stormy altar of Qazlal.
   642 | D        | Found a basalt altar of Yredelemnul.
   642 | D        | Found an iron altar of Okawaru.
   642 | D        | Found a sparkling altar of Nemelex Xobeh.
   642 | D        | Found a shimmering altar of Xom.
   642 | D        | Found an ancient bone altar of Kikubaaqudgha.
   642 | D        | Noticed a yak
   653 | D        | Killed a yak
   653 | D        | Reached skill level 11 in Fighting
   653 | D        | Reached skill level 10 in Maces & Flails
   653 | D        | Reached XP level 7. HP: 25/54 MP: 7/7
   750 | D        | Found a burning altar of Makhleb.
   750 | D        | Found a sacrificial altar of Ru.
   750 | D        | Found a glowing golden altar of the Shining One.
   750 | D        | Found an opulent altar of Gozag.
   750 | D        | Found a glowing silver altar of Zin.
   751 | D        | Found a bloodstained altar of Trog.
   818 | D        | Became a worshipper of Warmaster Okawaru
   834 | D        | Found a snail-covered altar of Cheibriados.
   834 | D        | Found a viscous altar of Jiyva.
   834 | D        | Found a shadowy altar of Dithmenos.
   834 | D        | Found a blossoming altar of Fedhas.
   834 | D        | Noticed a slime creature
   851 | D        | HP: 4/81 [slime creature (6)]
   852 | D        | Killed a slime creature
   852 | D        | Reached skill level 12 in Fighting
  1144 | D        | Noticed a centaur warrior
  1146 | D        | Noticed a centaur warrior
  1164 | D        | Killed a centaur warrior
  1164 | D        | Acquired Okawaru's first power
  1164 | D        | Reached skill level 13 in Fighting
  1164 | D        | Reached XP level 8. HP: 17/64 MP: 8/8
  1172 | D        | Killed a centaur warrior
  1172 | D        | Reached skill level 15 in Fighting
  1172 | D        | Reached XP level 9. HP: 10/71 MP: 9/9
  1497 | D        | Noticed Sonja
  1501 | D        | Killed Sonja
  1525 | D        | Noticed a deep troll
  1552 | D        | Mangled by a deep troll

Vault maps used:
D:        dungeon_sprint_1

Action                   |  1- 3 |  4- 6 |  7- 9 || total
-------------------------+-------+-------+-------++-------
Melee: Flail             |    20 |    26 |    38 ||    84
 Fire: Blowgun           |       |       |     1 ||     1
Invok: Heroism           |       |       |     1 ||     1
Evoke: Wand              |       |       |     4 ||     4
  Use: Potion            |       |     2 |     4 ||     6
       Scroll            |       |       |     1 ||     1
  Eat: Bread ration      |       |       |     1 ||     1
